AoeStats
← DIONEL

Arena

508355462Analyzed
4v4 RM · 10d ago on Sep 22, 2026· 33m 25s· 8 players
Game mode
Random Map
Map size
Large (8 player)
Population
200
Speed
Normal
Resources
Standard
Victory
Conquest
Starting age
Dark Age
Ending age
Imperial Age
RankedLock teamsTeams togetherTeam positionsShared explorationLock speedFull tech treeHidden civsTurbo modeCheats
Victory
Defeat
🇺🇸 Saracens · United States
1069
+18
🇺🇸 Britons · United States
1045
+19
🇺🇸 Turks · United States
1035
+20
🇺🇸 Romans · United States
1013
+20
🇵🇪 Huns · Peru
1165
-21
🇦🇷 Malay · Argentina
1110
-19
🇦🇷 Japanese · Argentina
1106
-19
🇲🇽 Malians · Mexico
1089
-18
Martuuu89
11:56 Feudal Age
10:13 Loom
15:35 Castle Age
15:23 Forging
18:05 Horse Collar
bambi
8:15 Feudal Age
8:36 Man-at-Arms
10:22 Double-Bit Axe
10:23 Horse Collar
13:09 Arson
19:11 Wheelbarrow
21:38 Castle Age
DIONEL
9:35 Feudal Age
16:22 Castle Age
14:39 Double-Bit Axe
26:09 Fletching
26:13 Horse Collar
26:45 Bow Saw
27:32 Town Watch
28:03 Heavy Plow
28:03 Gold Mining
28:03 Elite Skirmisher
29:12 Bodkin Arrow
29:12 Stone Mining
29:32 Padded Archer Armor
29:58 Ballistics
29:37 Loom
30:23 Thumb Ring
NikoNikoNiiUwUQueen
3:13 Loom
11:02 Feudal Age
13:03 Double-Bit Axe
15:29 Castle Age
14:37 Man-at-Arms
15:20 Scale Mail Armor
15:47 Arson
16:06 Long Swordsman
19:21 Wheelbarrow
21:53 Chain Mail Armor
E1jefe28
0:29 Loom
11:46 Feudal Age
16:37 Castle Age
16:20 Double-Bit Axe
21:24 Horse Collar
24:54 Wheelbarrow
25:02 Bow Saw
32:01 Imperial Age
30:29 Gold Mining
33:00 Heavy Camel Rider
33:51 Bloodlines
33:42 Husbandry
Reaper20131
5:30 Loom
10:41 Feudal Age
17:03 Castle Age
16:43 Double-Bit Axe
16:52 Stone Mining
16:58 Gold Mining
17:12 Man-at-Arms
17:54 Squires
34:11 Imperial Age
32:49 Scale Barding Armor
32:54 Forging
00Finger
11:18 Feudal Age
15:58 Castle Age
15:09 Double-Bit Axe
15:24 Horse Collar
20:06 Forging
22:15 Bloodlines
22:05 Husbandry
23:21 Husbandry
26:57 Gold Mining
30:47 Gold Shaft Mining
34:19 Wheelbarrow
GHETTO LENNY
7:41 Loom
11:12 Feudal Age
16:08 Castle Age
15:10 Double-Bit Axe
16:59 Bow Saw
18:12 Gold Mining
18:16 Fletching
22:00 Bodkin Arrow
24:07 Padded Archer Armor
29:43 Imperial Age
28:53 Leather Archer Armor
33:08 Two-Man Saw
33:31 Bracer
Connection lost

Rejoining the realm…

Still unreachable

The connection could not be restored.

Session expired

The server has moved on; the page needs a fresh start.